[Event "ICC tourney 2533 (25 5)"]
[Site "Internet Chess Club"]
[Date "2021.04.25"]
[Round "8"]
[White "RAMASAMY, NITHIN:K09-16464765"]
[Black "ALEXANDER NIEUWERBURGH, PAUL:K09-15847117"]
[Result "0-1"]
[ICCResult "White checkmated"]
[WhiteElo "1075"]
[BlackElo "1496"]
[Opening "Réti: King's Indian attack"]
[ECO "A08"]
[NIC "QP.09"]
[Time "17:01:21"]
[PlyCount "88"]
[TimeControl "1500+5"]

1. Nf3 d5 2. g3 c5 3. Bg2 Bf5 4. O-O e6 5. d3 Nc6 6. Nbd2 Nf6 7. b3 Be7 8.
Bb2 O-O 9. Re1 d4 10. e4 dxe3 11. fxe3 Bg4 12. e4 Re8 13. a4 Nd4 14. h3 Bh5
15. g4 Bg6 16. Nxd4 cxd4 17. e5 Nd5 18. Bxd4 b6 19. Bb2 Rc8 20. Nc4 Nf4 21.
Rf1 Nxg2 22. Kxg2 Qd5+ 23. Qf3 Qd7 24. Rad1 Red8 25. Bc1 h6 26. Be3 f6 27.
exf6 Bxf6 28. Bxh6 Re8 29. Be3 e5 30. Kg1 Bf7 31. g5 Bd5 32. Qg3 Bd8 33.
Nxe5 Qd6 34. c4 Rxe5 35. cxd5 Rxg5 36. Qxg5 Bxg5 37. Bxg5 Rc2 38. Rd2 Qg3+
39. Kh1 Qxh3+ 40. Kg1 Qg4+ 41. Kh1 Qh5+ 42. Kg1 Qxg5+ 43. Kh1 Rxd2 44. Rc1
Qg2# { White checkmated } 0-1

[Event "ICC tourney 2533 (25 5)"]
[Site "Internet Chess Club"]
[Date "2021.04.25"]
[Round "8"]
[White "KROTOV, DAMIAN:K09-17105641"]
[Black "SINGH, HERSH:K09-15024326"]
[Result "1/2-1/2"]
[ICCResult "Game drawn by mutual agreement"]
[WhiteElo "1819"]
[BlackElo "2240"]
[Opening "Catalan: open, 5.Nf3"]
[ECO "E04"]
[NIC "CA.03"]
[Time "17:03:00"]
[PlyCount "97"]
[TimeControl "1500+5"]

1. d4 d5 2. c4 e6 3. Nf3 Nf6 4. g3 dxc4 5. Bg2 Nc6 6. O-O Rb8 7. Nc3 b5 8.
Ne5 Nxe5 9. dxe5 Nd7 10. Bc6 a6 11. Qd4 Bb7 12. Bxb7 Rxb7 13. Rd1 c5 14.
Qe4 Qc7 15. Bg5 h6 16. Rxd7 Qxd7 17. Rd1 hxg5 18. Rxd7 Rxd7 19. Qa8+ Rd8
20. Qxa6 Be7 21. Qxb5+ Kf8 22. a4 g6 23. Qb7 Re8 24. a5 Kg7 25. a6 Bd8 26.
a7 Ba5 27. Nb5 Rhf8 28. Nd6 Rd8 29. Nxf7 Rxf7 30. a8=Q Rxa8 31. Qxa8 Be1
32. f3 Bd2 33. Kf2 c3 34. bxc3 Bxc3 35. Qc6 Bxe5 36. Qxc5 Bf6 37. e4 e5 38.
Ke2 Rd7 39. Qc6 Ra7 40. Qd5 Rc7 41. Kd3 Re7 42. Qb5 Rf7 43. Kc4 Rc7+ 44.
Kd5 Re7 45. Qc5 Rd7+ 46. Ke6 Rf7 47. g4 Rb7 48. Qc2 Re7+ 49. Kd5 { Game
drawn by mutual agreement } 1/2-1/2

[Event "ICC tourney 2533 (25 5)"]
[Site "Internet Chess Club"]
[Date "2021.04.25"]
[Round "8"]
[White "MARTIN, DREW:K09-16062286"]
[Black "HAMILTON, JACK:K09-16280602"]
[Result "1-0"]
[ICCResult "Black checkmated"]
[WhiteElo "1903"]
[BlackElo "1431"]
[Opening "Sicilian: dragon, classical, Richter variation"]
[ECO "B73"]
[NIC "SI.31"]
[Time "17:01:01"]
[PlyCount "171"]
[TimeControl "1500+5"]

1. e4 c5 2. Nf3 Nc6 3. Nc3 g6 4. d4 cxd4 5. Nxd4 Bg7 6. Be3 Nf6 7. Be2 O-O
8. O-O d6 9. Qd2 Bd7 10. f3 Qc7 11. Kh1 a6 12. a4 Rac8 13. Rfd1 Rfd8 14.
Nb3 Be6 15. Nd5 Bxd5 16. exd5 Ne5 17. c3 Nfd7 18. Bf2 Nc4 19. Qc1 Nce5 20.
Nd2 Nc5 21. Qc2 e6 22. dxe6 Nxe6 23. Ne4 d5 24. Nd2 d4 25. Qe4 dxc3 26.
bxc3 Nc5 27. Bxc5 Qxc5 28. Qxb7 Qxc3 29. Ne4 Rxd1+ 30. Rxd1 Qc2 31. Qxa6
Re8 32. Qb5 Rf8 33. a5 f5 34. Ng5 h6 35. Ne6 Rf6 36. Nxg7 Nf7 37. Qc4 Qxc4
38. Bxc4 Kxg7 39. h4 Rc6 40. Bf1 Kf6 41. a6 Rc7 42. Rb1 Nd6 43. Kg1 Ke5 44.
Kf2 g5 45. h5 Kd5 46. Rb8 Kc6 47. Rh8 Nf7 48. Rh7 f4 49. Bc4 Ne5 50. Rxh6+
Kc5 51. Be2 Rg7 52. Re6 Kd5 53. h6 Rh7 54. Rxe5+ Kxe5 55. Bd3 Rxh6 56. a7
Rh8 57. Be4 Kd4 58. a8=Q Rxa8 59. Bxa8 Kd3 60. Be4+ Kd4 61. Kg1 Ke3 62. Ba8
Ke2 63. Kh2 Kf2 64. Kh3 Kg1 65. Kg4 Kxg2 66. Kxg5 Kh3 67. Kxf4 Kh4 68. Kf5
Kh5 69. Kf6 Kh6 70. Kf7 Kg5 71. Ke6 Kf4 72. Be4 Kg5 73. Ke5 Kh6 74. f4 Kg7
75. Ke6 Kf8 76. f5 Ke8 77. f6 Kf8 78. f7 Kg7 79. Ke7 Kh6 80. f8=Q+ Kh5 81.
Qf5+ Kh4 82. Qg6 Kh3 83. Qg2+ Kh4 84. Bf5 Kh5 85. Qg4+ Kh6 86. Qg6# { Black
checkmated } 1-0

[Event "ICC tourney 2533 (25 5)"]
[Site "Internet Chess Club"]
[Date "2021.04.25"]
[Round "8"]
[White "OHLY, OLIVER:K09-16469982"]
[Black "BHOOMA, HRISHI:K09-15435134"]
[Result "1-0"]
[ICCResult "Black checkmated"]
[WhiteElo "1525"]
[BlackElo "1064"]
[Opening "QGA: 3.e4"]
[ECO "D20"]
[NIC "QG.04"]
[Time "17:08:52"]
[PlyCount "123"]
[TimeControl "1500+5"]

1. d4 d5 2. c4 dxc4 3. e4 Nc6 4. Nf3 Bg4 5. d5 Ne5 6. Be2 Nxf3+ 7. Bxf3
Bxf3 8. Qxf3 g6 9. Nd2 Nf6 10. Nxc4 Bg7 11. O-O O-O 12. Rd1 Qd7 13. Bd2 e6
14. Bc3 Nh5 15. Bxg7 Nxg7 16. Rac1 exd5 17. Rxd5 Qa4 18. a3 Rad8 19. Rxd8
Rxd8 20. h3 Rd4 21. Ne5 Qe8 22. Ng4 Kf8 23. Rxc7 f5 24. Nh6 Rd7 25. Rxd7
Qxd7 26. exf5 gxf5 27. Qb3 Ne6 28. Nxf5 Nc5 29. Qf3 Qf7 30. Nd4 Qxf3 31.
Nxf3 Nd3 32. b4 Kf7 33. Nd4 Ne5 34. Nb5 a6 35. Nd6+ Ke6 36. Nxb7 Kd5 37.
Nc5 Nc6 38. Nxa6 Kc4 39. Nc5 Kb5 40. f4 Nd4 41. Kf2 Nf5 42. g4 Nd6 43. f5
Nf7 44. h4 Kc6 45. g5 Ne5 46. Ke3 Nc4+ 47. Ke4 Nxa3 48. Ke5 Nc4+ 49. Ke6
Nb6 50. f6 Nd7 51. Nxd7 Kb5 52. f7 Kxb4 53. f8=Q+ Kc4 54. Qc5+ Kd3 55. Ke5
Kd2 56. Ke4 Kd1 57. Qc3 Ke2 58. Qd3+ Kf2 59. Qf3+ Kg1 60. Ke3 Kh2 61. Kf2
h5 62. Qg2# { Black checkmated } 1-0

[Event "ICC tourney 2533 (25 5)"]
[Site "Internet Chess Club"]
[Date "2021.04.25"]
[Round "8"]
[White "GAO, JERRY:K09-16753890"]
[Black "JIANG, MATHEW:K09-15949698"]
[Result "0-1"]
[ICCResult "White resigns"]
[WhiteElo "877"]
[BlackElo "1822"]
[Opening "Scandinavian (center counter) defense"]
[ECO "B01"]
[NIC "SD.01"]
[Time "17:02:45"]
[PlyCount "94"]
[TimeControl "1500+5"]

1. e4 d5 2. exd5 Qxd5 3. Nc3 Qa5 4. d4 c6 5. Nf3 Nf6 6. Be2 Bf5 7. O-O e6
8. Bd2 Qc7 9. Be3 Be7 10. Bd3 Bg6 11. Bxg6 hxg6 12. h3 Nbd7 13. Ne2 O-O 14.
Bf4 Bd6 15. Bxd6 Qxd6 16. Ng5 Qc7 17. c3 Nb6 18. Ng3 Nbd5 19. N3e4 Nxe4 20.
Nxe4 Rad8 21. Qf3 Nb6 22. b3 e5 23. Rad1 exd4 24. cxd4 Nd5 25. Nc3 Rfe8 26.
Rc1 Nxc3 27. Qxc3 Rd5 28. Qc4 Red8 29. Rfd1 Qb6 30. Kf1 Rxd4 31. Rxd4 Qxd4
32. Qxd4 Rxd4 33. Re1 Kf8 34. Re2 Rd1+ 35. Re1 Rxe1+ 36. Kxe1 Ke7 37. Kd2
Kd6 38. Kc3 Kd5 39. Kd3 b5 40. b4 c5 41. a3 f5 42. bxc5 Kxc5 43. Kc3 a5 44.
h4 Kd5 45. Kd3 b4 46. axb4 axb4 47. g3 b3 { White resigns } 0-1

[Event "ICC tourney 2533 (25 5)"]
[Site "Internet Chess Club"]
[Date "2021.04.25"]
[Round "8"]
[White "UPADHYAY, PUNYAVRAT:K09-15975172"]
[Black "OVINDEE WADUTHANTHREE, THIHANSA:K09-16126955"]
[Result "1-0"]
[ICCResult "Black checkmated"]
[WhiteElo "1546"]
[BlackElo "1136"]
[Opening "French: Steinitz variation"]
[ECO "C11"]
[NIC "FR.04"]
[Time "17:02:23"]
[PlyCount "117"]
[TimeControl "1500+5"]

1. e4 e6 2. d4 d5 3. Nc3 Nf6 4. e5 Nfd7 5. f4 c5 6. Nf3 Nc6 7. Ne2 a6 8. h4
b5 9. Be3 Bb7 10. c3 Qb6 11. h5 h6 12. Qd2 Be7 13. g4 O-O-O 14. a4 b4 15.
Kf2 Na5 16. Qc2 b3 17. Qd2 Nc4 18. Qc1 Nxe3 19. Qxe3 c4 20. f5 a5 21. Nf4
Rhg8 22. Rg1 Nf8 23. Bh3 Kb8 24. g5 hxg5 25. Nxg5 Bxg5 26. Rxg5 exf5 27.
Rxf5 Qc7 28. Rg1 Ne6 29. Rxf7 Qxf7 30. Bxe6 Qf8 31. Bxg8 Qxg8 32. h6 Qh7
33. hxg7 Rg8 34. e6 Rxg7 35. Rxg7 Qxg7 36. e7 Bc6 37. e8=Q+ Bxe8 38. Qxe8+
Kb7 39. Qb5+ Kc8 40. Qxd5 Qh7 41. Qc6+ Kb8 42. Qb6+ Ka8 43. Qxa5+ Kb8 44.
Qb6+ Ka8 45. Qc6+ Kb8 46. Qg6 Qh2+ 47. Ng2 Qh3 48. Qg3+ Qxg3+ 49. Kxg3 Ka7
50. Ne3 Ka6 51. d5 Ka5 52. Nxc4+ Kxa4 53. d6 Kb5 54. d7 Kxc4 55. d8=Q Kb5
56. Qd5+ Ka4 57. Qb7 Ka5 58. c4 Ka4 59. Qb5# { Black checkmated } 1-0

[Event "ICC tourney 2533 (25 5)"]
[Site "Internet Chess Club"]
[Date "2021.04.25"]
[Round "8"]
[White "MURUGAN AYYAPPAN, AADARSINI:K09-16041583"]
[Black "ZHU, JENNY:K09-15942700"]
[Result "0-1"]
[ICCResult "White checkmated"]
[WhiteElo "1544"]
[BlackElo "1959"]
[Opening "Queen's pawn, Mason variation, Steinitz counter-gambit"]
[ECO "D00"]
[NIC "QP.08"]
[Time "17:03:31"]
[PlyCount "82"]
[TimeControl "1500+5"]

1. d4 d5 2. Bf4 c5 3. e3 Nc6 4. c3 Nf6 5. Nf3 Qb6 6. Na3 a6 7. Rb1 Bf5 8.
Bd3 Bxd3 9. Qxd3 e6 10. dxc5 Bxc5 11. Nc2 O-O 12. O-O Rfe8 13. Ncd4 e5 14.
Nxc6 exf4 15. Ncd4 fxe3 16. fxe3 Rad8 17. Kh1 Ne4 18. Nd2 Qh6 19. Nxe4 Rxe4
20. Rf3 Rde8 21. Re1 Bd6 22. Rh3 Qg6 23. Nf3 Bc5 24. Qxd5 Rxe3 25. Rxe3
Bxe3 26. Qd1 h6 27. Rg3 Qh5 28. Rh3 Qg4 29. Rg3 Qh5 30. Rh3 Qg4 31. Rg3 Qf5
32. h3 Bf4 33. Nd4 Qe4 34. Rf3 Qe1+ 35. Rf1 Qe3 36. Nc2 Qg3 37. Kg1 Qh2+
38. Kf2 Bg3+ 39. Kf3 Bh4 40. Kg4 Qg3+ 41. Kf5 g6# { White checkmated } 0-1

[Event "ICC tourney 2533 (25 5)"]
[Site "Internet Chess Club"]
[Date "2021.04.25"]
[Round "8"]
[White "TAMMALI, VAISHNAVI:K09-15025561"]
[Black "KANKEYAN, RISHEETH:K09-16597998"]
[Result "1/2-1/2"]
[ICCResult "White stalemated"]
[WhiteElo "1620"]
[BlackElo "1055"]
[Opening "Sicilian: Alapin's variation (2.c3)"]
[ECO "B22"]
[NIC "SI.46"]
[Time "17:00:32"]
[PlyCount "138"]
[TimeControl "1500+5"]

1. e4 c5 2. c3 Nc6 3. d4 cxd4 4. cxd4 d6 5. Nc3 Nf6 6. Nf3 Bg4 7. Be3 e6 8.
Bb5 a6 9. Ba4 b5 10. Bb3 Be7 11. a3 O-O 12. O-O d5 13. exd5 exd5 14. Rc1
Na5 15. Bc2 Nc4 16. Rb1 Nxe3 17. fxe3 Re8 18. Qd3 g6 19. Ne5 Bd6 20. Nc6
Qc7 21. Rxf6 Qxc6 22. Rbf1 Be6 23. e4 dxe4 24. Qxe4 Qxe4 25. Bxe4 Rad8 26.
d5 Be5 27. R6f3 Bxc3 28. bxc3 Bxd5 29. Bxd5 Rxd5 30. Rxf7 Rd3 31. Ra7 Rxc3
32. Rxa6 Rc2 33. Raf6 Ra2 34. R6f2 Rxa3 35. Rb2 Rb8 36. Rfb1 Ra5 37. Kf2
Kf7 38. Ke3 Ke6 39. Kd4 Kd6 40. Rb4 h6 41. Rf1 Ra4 42. Rxa4 bxa4 43. Rf6+
Ke7 44. Rxg6 a3 45. Ra6 Rb2 46. Rxa3 Rxg2 47. h3 Kf6 48. Ke4 Kg5 49. Ra8
Rh2 50. Rg8+ Kh4 51. Kf4 Rxh3 52. Rg4+ Kh5 53. Rg1 Rh4+ 54. Kf5 Rh3 55. Kf4
Rh2 56. Kf3 Rh4 57. Ke3 Rg4 58. Rxg4 Kxg4 59. Kf2 Kh3 60. Kg1 h5 61. Kh1
Kg3 62. Kg1 Kg4 63. Kg2 h4 64. Kh2 h3 65. Kh1 Kh4 66. Kh2 Kg4 67. Kh1 Kg3
68. Kg1 h2+ 69. Kh1 Kh3 { White stalemated } 1/2-1/2

[Event "ICC tourney 2533 (25 5)"]
[Site "Internet Chess Club"]
[Date "2021.04.25"]
[Round "8"]
[White "WILLIAM HALL, STEWART:K09-15065861"]
[Black "FRANCISCO VARELA, CARLOS:K09-16399805"]
[Result "1-0"]
[ICCResult "Black resigns"]
[WhiteElo "1427"]
[BlackElo "2011"]
[Opening "Bird: From gambit, Lasker variation"]
[ECO "A02"]
[NIC "VO.07"]
[Time "17:02:40"]
[PlyCount "89"]
[TimeControl "1500+5"]

1. f4 e5 2. fxe5 d6 3. exd6 Bxd6 4. Nf3 g5 5. g3 g4 6. Nh4 Ne7 7. d4 Ng6 8.
Nxg6 hxg6 9. Qd3 c5 10. dxc5 Qa5+ 11. b4 Qxb4+ 12. c3 Qxc5 13. Ba3 Qg5 14.
Qxd6 Nc6 15. Bg2 Bd7 16. Nd2 O-O-O 17. Ne4 Qa5 18. Qf4 Be6 19. Nd6+ Rxd6
20. Qxd6 Qxc3+ 21. Kf2 Rd8 22. Qc5 Qf6+ 23. Ke3 Bd5 24. Bxd5 Qg5+ 25. Kf2
Rxd5 26. Qc1 Qf6+ 27. Kg2 Re5 28. Qd2 Nd4 29. Qc3+ Kb8 30. Rhc1 Rxe2+ 31.
Kh1 Rxh2+ 32. Kxh2 Qh8+ 33. Kg2 Qh3+ 34. Kf2 Qh2+ 35. Ke3 Nf5+ 36. Ke4 Qe2+
37. Kd5 Qe6+ 38. Kc5 Qc6+ 39. Kb4 a5+ 40. Kb3 Qb5+ 41. Kc2 Ne3+ 42. Qxe3
Qc4+ 43. Qc3 Qe2+ 44. Kb1 Qe4+ 45. Qc2 { Black resigns } 1-0

[Event "ICC tourney 2533 (25 5)"]
[Site "Internet Chess Club"]
[Date "2021.04.25"]
[Round "8"]
[White "WENZHI GUO, MICHAEL:K09-16316494"]
[Black "ANANTHARAMAN, AASHISH:K09-15992442"]
[Result "1-0"]
[ICCResult "Black checkmated"]
[WhiteElo "914"]
[BlackElo "1366"]
[Opening "Caro-Kann: two knights variation"]
[ECO "B11"]
[NIC "CK.01"]
[Time "17:03:39"]
[PlyCount "113"]
[TimeControl "1500+5"]

1. e4 c6 2. Nc3 d5 3. Nf3 dxe4 4. Nxe4 Nf6 5. Nxf6+ exf6 6. Bc4 Be6 7. Qe2
Qd7 8. O-O Be7 9. Re1 Bxc4 10. Qxc4 O-O 11. Qe4 Bd6 12. c4 Na6 13. d4 Rfe8
14. Qd3 Rxe1+ 15. Nxe1 Re8 16. Be3 Qc7 17. g3 Qd7 18. a3 Nc7 19. b4 b6 20.
Rd1 Qe6 21. Ng2 f5 22. Nf4 Qe4 23. d5 cxd5 24. Nxd5 Be5 25. Qxe4 fxe4 26.
Nxc7 Bxc7 27. Rd7 Rc8 28. Re7 f5 29. Bd4 g6 30. Rg7+ Kf8 31. Rxh7 Ke8 32.
Rg7 Bd8 33. c5 g5 34. Rxa7 Rb8 35. c6 Rc8 36. b5 Bc7 37. a4 Ke7 38. Bxb6
Kd6 39. Bxc7+ Rxc7 40. Rxc7 Kxc7 41. a5 f4 42. gxf4 gxf4 43. h4 e3 44. fxe3
fxe3 45. Kf1 Kb8 46. Ke2 Ka7 47. Kxe3 Kb8 48. h5 Ka7 49. h6 Kb8 50. h7 Ka7
51. c7 Kb7 52. h8=Q Kxc7 53. Qf6 Kb7 54. Qc6+ Kb8 55. Qd7 Ka8 56. a6 Kb8
57. Qb7# { Black checkmated } 1-0

[Event "ICC tourney 2533 (25 5)"]
[Site "Internet Chess Club"]
[Date "2021.04.25"]
[Round "8"]
[White "KUMAR MULPURI, PARTHIV:K09-16906012"]
[Black "CARRASCO, CHRISTIAN:K09-15929632"]
[Result "1-0"]
[ICCResult "Black forfeits on time"]
[WhiteElo "1006"]
[BlackElo "1734"]
[Opening "Giuoco Pianissimo: Canal variation"]
[ECO "C55"]
[NIC "IG.01"]
[Time "17:03:42"]
[PlyCount "83"]
[TimeControl "1500+5"]

1. e4 e5 2. Nf3 Nc6 3. Bc4 Nf6 4. d3 Bc5 5. Nc3 d6 6. Bg5 Be6 7. Bxe6 fxe6
8. O-O O-O 9. Na4 Bb6 10. Nxb6 axb6 11. c3 Qe8 12. a4 Qg6 13. b4 Nh5 14.
Be3 Nf4 15. Nh4 Qf6 16. g3 Kh8 17. Kh1 d5 18. f3 Ng6 19. Nxg6+ Qxg6 20. Qe2
Qh5 21. Kg2 Rf7 22. g4 Qg6 23. h4 Raf8 24. h5 Qf6 25. Bg1 d4 26. b5 Nb8 27.
cxd4 exd4 28. f4 Qd8 29. Bh2 Nd7 30. Bg3 Nc5 31. f5 exf5 32. gxf5 Qg5 33.
Kh3 Re8 34. Rae1 Nxa4 35. Bh4 Qe3+ 36. Qxe3 dxe3 37. Rxe3 Nc3 38. e5 Nxb5
39. e6 Rff8 40. f6 Nd6 41. f7 Ra8 42. e7 { Black forfeits on time } 1-0

[Event "ICC tourney 2533 (25 5)"]
[Site "Internet Chess Club"]
[Date "2021.04.25"]
[Round "8"]
[White "WU, WILLIAM:K09-15782241"]
[Black "MOU, IRIS:K09-15794244"]
[Result "1-0"]
[ICCResult "Black resigns"]
[WhiteElo "1854"]
[BlackElo "2059"]
[Opening "Caro-Kann: advance variation"]
[ECO "B12"]
[NIC "CK.02"]
[Time "17:04:01"]
[PlyCount "65"]
[TimeControl "1500+5"]

1. e4 c6 2. d4 d5 3. e5 c5 4. Nf3 cxd4 5. Nxd4 Nc6 6. Bb5 Qb6 7. Be3 a6 8.
Ne6 Qa5+ 9. b4 Qxb4+ 10. c3 Qa5 11. Bxc6+ bxc6 12. Nxf8 Kxf8 13. O-O Bf5
14. Nd2 f6 15. Nb3 Qc7 16. f4 Nh6 17. Bc5 Kf7 18. Nd4 Rhe8 19. Nxf5 Nxf5
20. Qh5+ g6 21. Qxh7+ Ke6 22. exf6 Kxf6 23. g4 Ng7 24. Bd4+ Ke6 25. Qxg7
Kd7 26. Qe5 Qxe5 27. Bxe5 c5 28. Rab1 Kc6 29. Rb2 g5 30. f5 a5 31. Rfb1 Ra6
32. Rb7 Rc8 33. Rxe7 { Black resigns } 1-0

[Event "ICC tourney 2533 (25 5)"]
[Site "Internet Chess Club"]
[Date "2021.04.25"]
[Round "8"]
[White "CHUNG, JACOB:K09-16350401"]
[Black "SILVA, JAVIER:K09-16089208"]
[Result "0-1"]
[ICCResult "White resigns"]
[WhiteElo "1434"]
[BlackElo "1889"]
[Opening "Caro-Kann: advance variation"]
[ECO "B12"]
[NIC "CK.04"]
[Time "17:01:01"]
[PlyCount "96"]
[TimeControl "1500+5"]

1. e4 c6 2. d4 d5 3. e5 Bf5 4. c4 e6 5. Nf3 Nd7 6. Nc3 Bb4 7. a3 Bxc3+ 8.
bxc3 Ne7 9. cxd5 cxd5 10. Be2 Rc8 11. Bd2 O-O 12. O-O Nc6 13. Rc1 Nb6 14.
Bg5 Qd7 15. c4 dxc4 16. Bxc4 Nxc4 17. Rxc4 Bg4 18. Be3 Qd5 19. Rc5 Bxf3 20.
gxf3 Qd7 21. Kh1 Ne7 22. Rg1 Rxc5 23. dxc5 Rd8 24. Qd6 Nf5 25. Qxd7 Rxd7
26. Rb1 Ne7 27. Kg2 Kf8 28. Kg3 Nf5+ 29. Kf4 Nxe3 30. Kxe3 Ke7 31. f4 g6
32. h4 h5 33. f3 Kd8 34. Ke4 Kc7 35. f5 exf5+ 36. Kf4 Re7 37. Rd1 Re6 38.
Rd6 Re7 39. Kg5 Rxe5 40. Kf6 Rxc5 41. Rd3 Rc6+ 42. Kxf7 b5 43. Re3 Kb6 44.
Re6 Rxe6 45. Kxe6 a5 46. Kf6 b4 47. Kxg6 bxa3 48. Kxh5 a2 { White resigns }
0-1

[Event "ICC tourney 2533 (25 5)"]
[Site "Internet Chess Club"]
[Date "2021.04.25"]
[Round "8"]
[White "MAHESHWARI, JAYANT:K09-14966376"]
[Black "KENGSOONTRA, PATRICK:K09-15777277"]
[Result "1-0"]
[ICCResult "Black resigns"]
[WhiteElo "2059"]
[BlackElo "1642"]
[Opening "Sicilian: accelerated fianchetto, Maróczy bind, 6.Be3"]
[ECO "B38"]
[NIC "SI.43"]
[Time "17:02:40"]
[PlyCount "129"]
[TimeControl "1500+5"]

1. e4 c5 2. Nf3 g6 3. d4 cxd4 4. Nxd4 Bg7 5. c4 Nc6 6. Be3 d6 7. Nc3 Nf6 8.
Be2 O-O 9. O-O Ne5 10. f3 Bd7 11. Rc1 Rc8 12. Nd5 e6 13. Nxf6+ Bxf6 14. f4
Nc6 15. Nb5 d5 16. e5 Be7 17. cxd5 exd5 18. Qxd5 Nb4 19. Qd2 Bxb5 20. Qxd8
Rfxd8 21. Bxb5 a6 22. Bc4 b5 23. Bb3 Rxc1 24. Rxc1 a5 25. Bb6 Ra8 26. a3 a4
27. axb4 axb3 28. Bc5 Bh4 29. g3 Bd8 30. Rc3 Ra1+ 31. Kg2 Rd1 32. Rxb3 Kg7
33. Ra3 Rd2+ 34. Kf3 Rxb2 35. Ra8 Rd2 36. Bd6 Bb6 37. Bf8+ Kg8 38. Bc5+ Rd8
39. Rxd8+ Bxd8 40. Ke4 g5 41. Kd5 gxf4 42. gxf4 Kg7 43. Kc6 Kg6 44. Kxb5
Kf5 45. Bd6 Ke6 46. Kc6 h5 47. b5 f6 48. b6 Bxb6 49. Kxb6 fxe5 50. fxe5 Kd7
51. Kc5 Ke6 52. Kc6 h4 53. Kc5 Kd7 54. Kd5 Ke8 55. e6 h3 56. Ke5 Kd8 57.
Kf6 Ke8 58. e7 Kd7 59. Kf7 Kxd6 60. e8=Q Kd5 61. Qe3 Kd6 62. Qe4 Kc5 63.
Ke7 Kb5 64. Kd6 Ka5 65. Kc6 { Black resigns } 1-0

[Event "ICC tourney 2533 (25 5)"]
[Site "Internet Chess Club"]
[Date "2021.04.25"]
[Round "8"]
[White "TATIKONDA, NIHANTH:K09-16818044"]
[Black "ETHAN CHONG, JOSHUA:K09-15110220"]
[Result "0-1"]
[ICCResult "White forfeits on time"]
[WhiteElo "1392"]
[BlackElo "1869"]
[Opening "QGD semi-Slav"]
[ECO "D43"]
[NIC "SL.03"]
[Time "17:00:33"]
[PlyCount "76"]
[TimeControl "1500+5"]

1. d4 d5 2. c4 c6 3. Nc3 Nf6 4. Nf3 e6 5. Bg5 Be7 6. e3 Nbd7 7. Be2 dxc4 8.
Bxc4 b5 9. Be2 Bb7 10. O-O O-O 11. a3 a6 12. b4 h6 13. Bh4 a5 14. Na2 axb4
15. Nxb4 Qa5 16. Qd2 c5 17. dxc5 Nxc5 18. Qc2 Rac8 19. Nd4 Be4 20. Qa2 g5
21. f3 Bd5 22. Nxd5 Nxd5 23. Be1 Qb6 24. Bd2 Bf6 25. Rac1 Bxd4 26. exd4 Na4
27. Bb4 Nxb4 28. axb4 Qxd4+ 29. Kh1 Nc3 30. Qb2 Nxe2 31. Qxe2 Qxb4 32. Rb1
Qc4 33. Qb2 Rb8 34. Rfc1 Qd5 35. Rd1 Qf5 36. h3 Rfc8 37. Rd2 b4 38. Rd4 b3
{ White forfeits on time } 0-1

[Event "ICC tourney 2533 (25 5)"]
[Site "Internet Chess Club"]
[Date "2021.04.25"]
[Round "8"]
[White "KE, RIANNE:K09-15179208"]
[Black "WANG, LILIAN:K09-15607273"]
[Result "1-0"]
[ICCResult "Black resigns"]
[WhiteElo "2020"]
[BlackElo "1798"]
[Opening "Sicilian: Najdorf, Adams attack"]
[ECO "B90"]
[NIC "SI.14"]
[Time "17:03:38"]
[PlyCount "69"]
[TimeControl "1500+5"]

1. e4 c5 2. Nf3 d6 3. d4 cxd4 4. Nxd4 Nf6 5. Nc3 a6 6. h3 e5 7. Nde2 Be6 8.
g4 Be7 9. Bg2 O-O 10. Be3 Nbd7 11. O-O Qc7 12. Nd5 Bxd5 13. exd5 b5 14. Ng3
g6 15. f4 exf4 16. Rxf4 Ne5 17. Qf1 Nfd7 18. Rf2 Rfe8 19. g5 Bf8 20. Ne4
Rac8 21. a4 Qc4 22. axb5 axb5 23. Qxc4 Nxc4 24. Bd4 Nce5 25. Ra6 Nc5 26.
Bxc5 dxc5 27. Nf6+ Kg7 28. Nxe8+ Rxe8 29. Re2 c4 30. d6 f6 31. gxf6+ Kf7
32. Bd5+ Kxf6 33. d7+ Ke7 34. dxe8=Q+ Kxe8 35. Rxe5+ { Black resigns } 1-0

[Event "ICC tourney 2533 (25 5)"]
[Site "Internet Chess Club"]
[Date "2021.04.25"]
[Round "8"]
[White "QUAN, JAKE TAYLOR:K09-15117746"]
[Black "KALE, SHUBHAM:K09-15358846"]
[Result "0-1"]
[ICCResult "White checkmated"]
[WhiteElo "1582"]
[BlackElo "1157"]
[Opening "Modern defense"]
[ECO "A40"]
[NIC "QO.17"]
[Time "17:01:01"]
[PlyCount "110"]
[TimeControl "1500+5"]

1. d4 g6 2. Nf3 Bg7 3. g3 d6 4. Bg2 Nd7 5. O-O a6 6. c4 c5 7. Nc3 cxd4 8.
Nxd4 Rb8 9. Re1 Ngf6 10. Bg5 O-O 11. Qd2 Ne5 12. b3 Bd7 13. Bh6 b5 14. Bxg7
Kxg7 15. cxb5 axb5 16. Ne4 Nxe4 17. Bxe4 e6 18. Rac1 d5 19. Bg2 Qb6 20. Qb2
f6 21. e3 Nd3 22. Qe2 Nxe1 23. Rxe1 e5 24. Nc2 Bf5 25. Bxd5 Bxc2 26. Qxc2
Rbd8 27. Bg2 Qa5 28. Rc1 Rd2 29. Qc5 Qxa2 30. Qe7+ Rf7 31. Qe6 Rxf2 32. Bd5
Ra7 33. Qg8+ Kh6 34. Qf8+ Kg5 35. h3 Qd2 36. Qc5 Ra2 37. Qc6 Qxe3 38. h4+
Kh5 39. Qc3 Qxc3 40. Rxc3 Rfc2 41. Rf3 Ra1+ 42. Rf1 Rxf1+ 43. Kxf1 Kg4 44.
Bg8 Kxg3 45. Bxh7 Kf3 46. Ke1 Rh2 47. Bxg6 Rxh4 48. Be8 Rb4 49. Bf7 f5 50.
Be6 f4 51. Bd5+ Re4+ 52. Kf1 Ke3 53. Ke1 f3 54. Kf1 Rd4 55. Be6 Rd1# {
White checkmated } 0-1

[Event "ICC tourney 2533 (25 5)"]
[Site "Internet Chess Club"]
[Date "2021.04.25"]
[Round "8"]
[White "TAY, BRIAN:K09-15880655"]
[Black "SHRIGADI, ARYAN:K09-15491764"]
[Result "0-1"]
[ICCResult "White resigns"]
[WhiteElo "1978"]
[BlackElo "1454"]
[Opening "Sicilian: Najdorf, Opocensky variation"]
[ECO "B92"]
[NIC "SI.10"]
[Time "17:03:59"]
[PlyCount "92"]
[TimeControl "1500+5"]

1. e4 c5 2. Nf3 d6 3. d4 cxd4 4. Nxd4 Nf6 5. Nc3 a6 6. Be2 e5 7. Nb3 Be6 8.
O-O Be7 9. f4 exf4 10. Bxf4 Nc6 11. a4 O-O 12. Kh1 Rc8 13. Qd2 Qd7 14. Rad1
Rfd8 15. Bg5 Ne5 16. Nd4 Rxc3 17. Bxf6 Rcc8 18. Bxe7 Qxe7 19. Qf4 Ng6 20.
Qe3 Bc4 21. Nf5 Qe5 22. c3 Bxe2 23. Qxe2 d5 24. Rd4 Re8 25. Re1 Rcd8 26.
Ng3 Qg5 27. Qf2 dxe4 28. Nxe4 Qe7 29. Rxd8 Rxd8 30. Nc5 Qc7 31. b4 h6 32.
a5 Ne5 33. Qg3 Qe7 34. Nd3 f6 35. Nxe5 fxe5 36. h3 e4 37. Qe3 Re8 38. Kg1
Qf7 39. Qd4 Qf6 40. Qxf6 gxf6 41. Kf2 f5 42. g4 f4 43. Rd1 Re7 44. c4 Kg7
45. c5 Kg6 46. Rd2 e3+ { White resigns } 0-1

[Event "ICC tourney 2533 (25 5)"]
[Site "Internet Chess Club"]
[Date "2021.04.25"]
[Round "8"]
[White "XAVIER VIJAYRAM, AVNITH:K09-15728701"]
[Black "ROMAN, DANIEL:K09-14934138"]
[Result "1-0"]
[ICCResult "Black forfeits on time"]
[WhiteElo "1767"]
[BlackElo "1372"]
[Opening "QGD Slav: 4.Nc3"]
[ECO "D15"]
[NIC "SL.03"]
[Time "17:00:28"]
[PlyCount "103"]
[TimeControl "1500+5"]

1. d4 d5 2. c4 c6 3. Nc3 Nf6 4. Nf3 Nbd7 5. cxd5 cxd5 6. Bf4 e6 7. e3 Be7
8. Nb5 Qa5+ 9. Qd2 Bb4 10. Nc3 O-O 11. Bd3 Nb6 12. O-O Nc4 13. Bxc4 dxc4
14. a3 Bxc3 15. Qxc3 Qa4 16. Ne5 b5 17. Qc1 Bb7 18. f3 Qa6 19. Bg5 Nd5 20.
Nd7 Rfe8 21. Nc5 Qc6 22. e4 Ne7 23. Nxb7 Qxb7 24. a4 a6 25. Qc3 f6 26. Be3
Nc6 27. axb5 axb5 28. b3 cxb3 29. Qxb3 Na5 30. Qb4 Nc4 31. Bf2 Rad8 32.
Rab1 Rb8 33. Rfc1 Rec8 34. Bg3 e5 35. d5 Qa7+ 36. Bf2 Qa2 37. Qb3 Qa6 38.
Qd3 Qd6 39. g3 Rc7 40. Rc3 Rcb7 41. Rcb3 Qa6 42. Qe2 Qa5 43. Bc5 Qc7 44.
Bb4 Qd7 45. Kg2 Rc8 46. Rd3 Nd6 47. Bxd6 Qxd6 48. Rdb3 Rbc7 49. R1b2 Rc5
50. Rxb5 Rxb5 51. Qxb5 Qc7 52. Qb3 { Black forfeits on time } 1-0